 Dungeon Crawl Stone Soup version 0.29.1-13-g9f3cf754e1 (webtiles) character file.

Game seed: 232284551885855026

52493 Oxelix the Warrior (level 14, -23/140 HPs)
             Began as a Minotaur Fighter on Feb 1, 2023.
             Was a High Priest of the Shining One.
             Annihilated by a bunyip (31 damage)
             ... called by a spriggan druid
             ... on level 1 of the Swamp.
             The game lasted 00:29:35 (20717 turns).

Oxelix the Warrior (Minotaur Fighter)              Turns: 20717, Time: 00:29:35

Health: -23/140    AC: 19    Str: 37    XL:     14   Next: 27%
Magic:  13/13      EV:  8    Int:  5    God:    the Shining One [*****.]
Gold:   753        SH: 17    Dex: 11    Spells: 13/13 levels left

rFire   . . .      SeeInvis .   a - +0 war axe
rCold   . . .      Faith    .   j - +0 kite shield
rNeg    + + +      Spirit   .   l - +4 chain mail of Circular Logic {Rampage rF- Will+++ Str+6}
rPois   +          Reflect  +   (helmet restricted)
rElec   .          Harm     +   E - +2 cloak
rCorr   .          Rampage  +   G - +1 pair of gloves of Sloth {Harm rPois rN+}
Will    ++++.                   (no boots)
Stlth   ..........              i - amulet of reflection
HPRegen 0.33/turn               u - ring of protection from fire
MPRegen 0.13/turn               O - +6 ring of strength

@: corroded, glowing
A: horns 2, retaliatory headbutt
a: Renounce Religion, Divine Shield, Cleansing Flame, Summon Divine Warrior


You were on level 1 of the Swamp.
You worshipped the Shining One.
The Shining One was extremely pleased with you.
You visited 4 branches of the dungeon, and saw 16 of its levels.

You collected 931 gold pieces.
You spent 178 gold pieces at shops.

Inventory:

Hand Weapons
 a - a +0 war axe (weapon)
Missiles
 z - 7 javelins
 P - 6 boomerangs (quivered)
 U - 2 poisoned darts
Armour
 j - a +0 kite shield (worn)
 l - the +4 chain mail of Circular Logic (worn) {Rampage rF- Will+++ Str+6}
   (You found it on level 2 of the Dungeon)

   Str:       It affects your strength (+6).
   rF:        It makes you vulnerable to fire.
   Rampage:   It bestows one free step when moving towards enemies.
   Will:      It greatly increases your willpower.
 E - a +2 cloak (worn)
 G - the +1 pair of gloves of Sloth (worn) {Harm rPois rN+}
   (You found it on level 6 of the Dungeon)

   rPois:     It protects you from poison.
   rN:        It protects you from negative energy.
   Harm:      It increases damage dealt and taken.
 Y - +0 shadow dragon scales
Jewellery
 i - an amulet of reflection (around neck)
 u - a ring of protection from fire (left hand)
 O - a +6 ring of strength (right hand)
Wands
 q - a wand of roots (14)
 w - a wand of flame (17)
 y - a wand of charming (7)
 R - a wand of polymorph (5)
Scrolls
 c - 5 scrolls of immolation
 e - a scroll of torment {unknown}
 k - 3 scrolls of enchant weapon
 n - a scroll of magic mapping
 t - 5 scrolls of teleportation
 v - a scroll of enchant armour {unknown}
 x - 2 scrolls of poison
 B - 2 scrolls of amnesia {unknown}
 D - a scroll of vulnerability {unknown}
 H - a scroll of brand weapon {unknown}
 L - 2 scrolls of blinking {unknown}
 M - 5 scrolls of noise {unknown}
 N - 4 scrolls of fog {unknown}
 Q - 10 scrolls of identify
 V - a scroll of silence {unknown}
Potions
 f - a potion of invisibility {unknown}
 g - 6 potions of flight
 h - 4 potions of ambrosia
 m - 4 potions of haste
 o - a potion of resistance {unknown}
 p - 2 potions of brilliance {unknown}
 r - 4 potions of curing
 s - 3 potions of heal wounds
 A - 2 potions of degeneration {unknown}
 C - a potion of cancellation {unknown}
 F - 2 potions of magic {unknown}
 I - a potion of mutation {unknown}
 J - 3 potions of attraction {unknown}
 K - 3 potions of lignification {unknown}
 W - a potion of might
Miscellaneous
 X - a tin of tremorstones (2/2)


   Skills:
 + Level 17.3 Fighting
 - Level 16.0 Axes
 + Level 0.4 Throwing
 - Level 14.0 Armour
 - Level 14.0 Shields
 + Level 0.3 Evocations


You had 13 spell levels left.
You didn't know any spells.
Your spell library contained the following spells:

 Spells                   Type           Power      Damage    Failure   Level
 Scorch                   Fire           0%         2d5       99%         2
 Flame Wave               Conj/Fire      0%         2d4       100%        4
 Olgreb's Toxic Radiance  Pois           0%         N/A       100%        4
 Summon Ice Beast         Ice/Summ       0%         N/A       100%        4
 Summon Forest            Summ/Tloc      0%         N/A       100%        5
 Summon Mana Viper        Hex/Summ       0%         N/A       100%        5
 Eringya's Noxious Bog    Tmut/Pois      0%         N/A       100%        6
 Summon Cactus Giant      Summ           0%         N/A       100%        6
 Monstrous Menagerie      Summ           0%         N/A       100%        7
 Ozocubu's Refrigeration  Ice            0%         4d7       100%        7
 Summon Hydra             Summ           0%         N/A       100%        7
 Ignition                 Fire           0%         3d3       100%        8


Dungeon Overview and Level Annotations

Branches:
Dungeon (9/15)             Temple (1/1) D:6            Lair (5/5) D:8
  Swamp (1/4) Lair:3       Spider (0/4) Lair:3        Slime (0/5) Lair:4
    Orc (0/2) D:9

Altars:
Ashenzari
Cheibriados
Dithmenos
Elyvilon
Fedhas
Gozag
Hepliaklqana
Kikubaaqudgha
Makhleb
Nemelex Xobeh
Okawaru
Qazlal
Ru
Sif Muna
Trog
Uskayaw
Wu Jian
Xom
Yredelemnul
Zin
The Shining One
Jiyva

Shops:
D:2 [   D:4 *[:*?

Annotations:
Lair:1 3 runed translucent doors, Mindmass's ghost, journeyman MiBe


Innate Abilities, Weirdness & Mutations

You have a pair of horns on your head.
You reflexively headbutt those who attack you in melee.


Message History

The spriggan druid calls out to the beasts of the wild!
You block the goliath frog's attack.
The spriggan druid casts a spell.
The forest starts to sway and rumble!
You block the goliath frog's attack.
Press: ? - help, v - describe, . - travel A mangrove, awoken (hostile).
This square is lit by a halo.
A root smacks you from below!
A bunyip comes into view.
The spriggan druid points at you and mumbles some strange words.
The stone arrow reflects off an invisible shield around you!
The stone arrow hits the spriggan druid!!!
With its final breath, the spriggan druid offers up its power to the beasts of the wild!
The goliath frog seems to grow more fierce.
The swamp worm seems to grow more fierce.
The bunyip seems to grow more fierce.
You kill the spriggan druid!
You hear a splash. x2
The forest abruptly stops moving.
The goliath frog hits you but does no damage.
The goliath frog hits you!!
You are splashed with acid!
You slice the goliath frog!!
The goliath frog is severely wounded.
You hit the bunyip but do no damage. The bunyip claws you!!
You block the bunyip's attack. The bunyip claws you!
* * * LOW HITPOINT WARNING * * *
The goliath frog hits you!!
* * * LOW HITPOINT WARNING * * *
The acid corrodes you!
You are splashed with acid.
The Shining One protects you from harm!
Okay, then.
Press: ? - help, v - describe, . - travel The floor, spattered with blood.
This square is lit by a halo.
As you read the scroll of fear, it crumbles to dust.
You assume a fearsome visage.
The bunyip resists with some effort.
The goliath frog looks frightened!
The swamp worm looks frightened!
The bunyip barely misses you. You block the bunyip's attack.
The bunyip claws you!!
You die...

~ ..~.
~~.~ ~~.~~
~~w...
..~...♣♣♣
.F~~....♣♣
..~~..)~.♣
..~~.♣.x@♣
~... ♣♣♣♣♣
~~. ~~ ~


You could see a bunyip (strong), a goliath frog (strong, fleeing) and a swamp
worm (strong, fleeing).

Vanquished Creatures
  Kirke (Lair:4)
  5 dire elephants (Lair:5)
  Fannar (Lair:1)
  3 hydras
  9 death yaks
  Urug (Lair:1)
  Nergalle (Lair:1)
  Amaemon (Lair:1)
  A spectral anaconda (Lair:5)
  Pikel (D:9)
  2 bog bodies (Lair:3)
  A spriggan druid (Swamp:1)
  An obsidian statue (Lair:5)
  3 necromancers (Lair:5)
  A dire elephant zombie (Lair:5)
  24 elephants
  2 black mambas
  A torpor snail (Lair:5)
  An orange demon (Lair:1)
  4 rime drakes
  9 cane toads
  A dire elephant skeleton (Lair:5)
  6 komodo dragons
  2 polar bears
  A hornet (D:7)
  13 blink frogs
  3 dream sheep (Lair:5)
  A slime creature (Lair:4)
  2 spectral elephants (Lair:5)
  Sigmund (D:5)
  A jumping spider (Lair:3)
  5 wyverns
  A dire elephant simulacrum (Lair:5)
  46 yaks
  Grum (Lair:1)
  5 basilisks
  5 hogs (Lair:4)
  2 redbacks (Lair:3)
  A death yak simulacrum (Lair:5)
  2 spectral cane toads (Lair:5)
  5 water moccasins
  2 sky beasts (D:7)
  An ice beast (D:7)
  2 elephant zombies (Lair:5)
  7 orc warriors
  2 black bears
  2 ogres (D:6)
  2 wolves (Lair:1)
  14 bullfrogs
  A gnoll sergeant (D:7)
  A necrophage (D:4)
  3 scorpions
  5 wights (D:9)
  11 killer bees
  An elephant simulacrum (Lair:5)
  A howler monkey (D:5)
  4 electric eels
  Crazy Yiuf (D:3)
  7 orc priests
  A gnoll bouda (D:7)
  5 hounds
  3 jellies (Lair:4)
  3 iguanas
  Natasha (thrice) (D:3)
  10 orc wizards
  13 gnolls (D:7)
  5 adders
  3 river rats (D:8)
  A shadow imp (D:7)
  A white imp (D:5)
  2 ufetubi (D:6)
  A worm (D:2)
  A dart slug (D:4)
  46 orcs
  10 ball pythons
  8 endoplasms
  3 giant cockroaches
  7 goblins
  8 hobgoblins
  5 kobolds
  3 quokkas
  6 bats
  2 frilled lizards (D:3)
  A rat (D:3)
395 creatures vanquished.

Vanquished Creatures (others)
  A bush (Lair:4)
  22 fungi
  33 plants
  18 withered plants (Lair:5)
74 creatures vanquished.

Grand Total: 469 creatures vanquished

Notes
Turn   | Place    | Note
-------+----------+-------------------------------------------
     0 | D:1      | Oxelix the Minotaur Fighter began the quest for the Orb.
     0 | D:1      | Reached XP level 1. HP: 19/19 MP: 0/0
   316 | D:1      | Found a faded altar of an unknown god.
   437 | D:1      | Reached XP level 2. HP: 27/27 MP: 1/1
   628 | D:1      | Reached skill level 4 in Fighting
  1005 | D:2      | Found a burning altar of Makhleb.
  1097 | D:2      | Identified the +4 chain mail of Circular Logic {Rampage rF-
                  | Will+++ Str+6}
  1158 | D:2      | Reached XP level 3. HP: 30/33 MP: 2/2
  1278 | D:2      | Found Duis's Armour Shop.
  1482 | D:3      | Noticed Natasha
  1488 | D:3      | Killed Natasha
  1489 | D:3      | Reached XP level 4. HP: 39/41 MP: 3/3
  1491 | D:3      | Noticed Natasha
  1498 | D:3      | Killed Natasha
  1499 | D:3      | Reached skill level 5 in Axes
  1661 | D:3      | Noticed a water moccasin
  1672 | D:3      | Killed a water moccasin
  1673 | D:3      | Reached skill level 5 in Fighting
  1673 | D:3      | Reached XP level 5. HP: 17/48 MP: 4/4
  1894 | D:3      | Noticed Natasha
  1900 | D:3      | Killed Natasha
  1901 | D:3      | Reached XP level 6. HP: 30/56 MP: 5/5
  2094 | D:3      | Found a runed translucent door.
  2095 | D:3      | Noticed Crazy Yiuf
  2279 | D:3      | Killed Crazy Yiuf
  2501 | D:4      | Reached skill level 6 in Fighting
  2557 | D:4      | Reached XP level 7. HP: 50/63 MP: 6/6
  2728 | D:4      | Found Dopt's Assorted Antiques.
  2821 | D:4      | Found Duasiku Dulu's Antique Armour Emporium.
  2858 | D:4      | Found Kuimpifu's Book Boutique.
  2879 | D:4      | Found Yqug's General Store.
  2921 | D:4      | Found Zydih's Magic Scroll Boutique.
  2929 | D:4      | Bought a scroll of identify for 28 gold pieces
  2929 | D:4      | Bought a scroll of identify for 28 gold pieces
  2929 | D:4      | Bought a scroll of identify for 28 gold pieces
  2929 | D:4      | Bought a scroll of identify for 28 gold pieces
  3248 | D:4      | Bought a scroll of identify for 66 gold pieces
  3291 | D:5      | Entered Level 5 of the Dungeon
  3769 | D:5      | Noticed Sigmund
  4587 | D:5      | Killed Sigmund
  4588 | D:5      | Reached skill level 7 in Fighting
  5160 | D:6      | Reached XP level 8. HP: 60/73 MP: 7/7
  5325 | D:6      | Reached skill level 10 in Axes
  5752 | D:6      | Reached skill level 8 in Fighting
  5978 | D:6      | Found a snail-covered altar of Cheibriados.
  5987 | D:6      | Found a hide-covered altar of Uskayaw.
  6061 | D:6      | Identified the +1 pair of gloves of Sloth {Harm rPois rN+}
  6281 | D:6      | Found a staircase to the Ecumenical Temple.
  6668 | Temple   | Entered the Ecumenical Temple
  6872 | Temple   | Became a worshipper of the Shining One
  7226 | D:7      | Found a broken altar of Ashenzari.
  7270 | D:7      | Reached XP level 9. HP: 68/82 MP: 8/8
  7368 | D:7      | Reached skill level 9 in Fighting
  7881 | D:8      | Noticed a death yak
  7881 | D:8      | Noticed a death yak
  7886 | D:8      | Noticed a death yak
  7897 | D:8      | Killed a death yak
  7898 | D:8      | Reached skill level 10 in Fighting
  7902 | D:8      | Killed a death yak
  7903 | D:8      | Reached XP level 10. HP: 29/94 MP: 9/9
  8359 | D:8      | Killed a death yak
  8360 | D:8      | Reached skill level 11 in Fighting
  8699 | D:8      | Found a staircase to the Lair.
  8805 | D:9      | Reached * piety under the Shining One
  8956 | D:9      | Reached skill level 15 in Axes
  9537 | D:9      | Reached skill level 5 in Armour
  9537 | D:9      | Reached skill level 5 in Shields
  9558 | D:9      | Found a staircase to the Orcish Mines.
 10321 | D:9      | Reached ** piety under the Shining One
 10672 | D:9      | Identified the +9 short sword of Broken Luck {flame, rElec
                  | Str+6 Int-4}
 10876 | D:9      | Noticed Pikel
 10880 | D:9      | Killed Pikel
 11165 | Lair:1   | Entered Level 1 of the Lair of Beasts
 11167 | Lair:1   | Noticed a black mamba
 11175 | Lair:1   | Killed a black mamba
 11176 | Lair:1   | Reached XP level 11. HP: 102/102 MP: 10/10
 11191 | Lair:1   | Noticed Grum
 11241 | Lair:1   | You fall into a shaft and drop 1 floor!
 11374 | Lair:1   | Noticed Amaemon
 11385 | Lair:1   | Killed Amaemon
 11795 | Lair:1   | Found a runed translucent gate.
 11795 | Lair:1   | Found a runed translucent gate.
 11796 | Lair:1   | Found a runed translucent gate.
 11798 | Lair:1   | Noticed Mindmass's ghost (journeyman MiBe)
 11800 | Lair:1   | Noticed a glowing orange brain
 11801 | Lair:1   | Found a viscous altar of Jiyva.
 11854 | Lair:1   | Noticed Fannar
 11864 | Lair:1   | Noticed a six-headed hydra
 11868 | Lair:1   | Killed Fannar
 12326 | D:8      | Killed a 12-headed hydra
 12883 | D:8      | Found a staircase to the Lair.
 13081 | Lair:1   | Reached skill level 10 in Armour
 13081 | Lair:1   | Reached skill level 10 in Shields
 13199 | Lair:1   | Killed Grum
 13240 | Lair:1   | Noticed Urug
 13255 | Lair:1   | HP: 1/102 [Urug/javelin (12)]
 13735 | Lair:1   | Reached XP level 12. HP: 92/110 MP: 11/11
 13874 | Lair:1   | Killed Urug
 13891 | Lair:1   | Noticed Nergalle
 13901 | Lair:1   | Killed Nergalle
 14696 | Lair:2   | Reached *** piety under the Shining One
 14742 | Lair:2   | Reached skill level 12 in Fighting
 15644 | Lair:3   | Identified the +0 pair of gloves "Zoah" {Int+2}
 15655 | Lair:3   | Found a staircase to the Swamp.
 16061 | Lair:3   | Noticed a five-headed hydra
 16075 | Lair:3   | Killed a seven-headed hydra
 16282 | Lair:3   | Found a hole to the Spider Nest.
 16443 | Lair:3   | Noticed a seven-headed hydra
 16449 | Lair:3   | Killed an 11-headed hydra
 16768 | Lair:4   | Reached skill level 13 in Fighting
 16995 | Lair:4   | Identified the +2 dagger of Incongruity {vorpal, rElec}
 17002 | Lair:4   | Found a staircase to the Slime Pits.
 17005 | Lair:4   | Found a viscous altar of Jiyva.
 17037 | Lair:4   | Reached XP level 13. HP: 100/122 MP: 12/12
 17570 | Lair:4   | Noticed Kirke
 17665 | Lair:4   | Killed Kirke
 17666 | Lair:4   | Reached skill level 14 in Fighting
 18512 | Lair:5   | Entered Level 5 of the Lair of Beasts
 18561 | Lair:5   | Reached **** piety under the Shining One
 18561 | Lair:5   | Noticed a dire elephant
 18561 | Lair:5   | Noticed a dire elephant
 18561 | Lair:5   | Noticed a dire elephant
 18562 | Lair:5   | Noticed a dire elephant
 18810 | Lair:5   | Reached skill level 15 in Fighting
 19668 | Lair:5   | Noticed a dire elephant
 19676 | Lair:5   | Killed a dire elephant
 19901 | Lair:5   | Identified the +3 dagger "Beetlebane" {spect, rC+ rCorr
                  | Int+5}
 19908 | Lair:5   | Killed a dire elephant
 19909 | Lair:5   | Reached skill level 16 in Fighting
 19909 | Lair:5   | Reached XP level 14. HP: 137/137 MP: 13/13
 19926 | Lair:5   | Reached ***** piety under the Shining One
 20467 | Lair:5   | Reached skill level 17 in Fighting
 20484 | Lair:5   | Identified the +2 ring mail of Misanthropy {Str+2}
 20707 | Swamp:1  | Entered Level 1 of the Swamp
 20714 | Swamp:1  | HP: 7/140 [goliath frog (22)]
 20714 | Swamp:1  | The Shining One protects you from harm!
 20717 | Swamp:1  | Annihilated by a bunyip

Illustrated notes

Levels and vault maps discovered:
D:1:      arrival_zaba_pyramid, layout_loops_corners,
          ebering_ecumenical_altar_hall
D:2:      layout_rooms, serial_shops, shop, basic_altar
D:3:      layout_rooms, uniq_natasha, uniq_crazy_yiuf_cottage
D:4:      layout_loops_ring, serial_shops, nicolae_shop_window_shopping, shop,
          shop, nicolae_shop_trees, nicolae_shop_advertising_works
          [nicolae_subvault_shop_adworks]
D:5:      layout_basic, sigmund_army
D:6:      layout_loops_corners, mainiacjoe_overflow_big_doors,
          minmay_temple_entry_proselytizer
D:7:      layout_rooms, kennysheep_mini_moat
D:8:      layout_loops_cross, dpeg_lair_monsters
D:9:      layout_grid_maze, erik_orc_2, uniq_pikel
Temple:   mainiacjoe_temple_bowtie_tessellation
Lair:1:   layout_regular_city, gammafunk_ghost_ooze, serial_bayou_shore_b,
          infiniplex_staircase_pool, uniq_urug, uniq_grum, uniq_amaemon,
          uniq_nergalle, uniq_fannar
Lair:2:   layout_layer_cave, minivault_11, chequers_serial_rivers_micro_b,
          grunt_megastairs_1
Lair:3:   layout_loops_ring, skrybe_swamp_entry_bodies, spider_nest_entry_a
Lair:4:   layout_misc_corridors, minmay_slime_entry_pillars,
          serial_bayou_shore_a, grunt_megastairs_3, uniq_kirke
Lair:5:   due_jungle_book, layout_long_grid, serial_forest,
          infiniplex_forest_lined_ring, infiniplex_forest_end_1,
          infiniplex_forest_clump_curved, infiniplex_forest_zigzag_2,
          infiniplex_forest_join, infiniplex_forest_side_room,
          infiniplex_forest_clump_double, infiniplex_forest_clump_small,
          infiniplex_forest_clump_large, infiniplex_staircase_pool_2
Swamp:1:  layout_basic_swamp, evilmike_swamp_ruin_house_1

Skill      XL: |  1  2  3  4  5  6  7  8  9 10 11 12 13 14 |
---------------+-------------------------------------------+-----
Axes           | 3 4 6 7 9 11 14 16 | 16.0
Fighting       | 4 5 6 7 8 10 11 13 16 17 | 17.3
Armour         | 6 10 12 14 | 14.0
Shields        | 6 10 12 14 | 14.0
Throwing       | |  0.4
Evocations     | |  0.3

Action                   |  1- 3 |  4- 6 |  7- 9 | 10-12 | 13-15 || total
-------------------------+-------+-------+-------+-------+-------++-------
Melee: War axe           |    65 |    68 |   213 |   390 |   283 ||  1019
       Headbutt          |     8 |    11 |    35 |    93 |   101 ||   248
Throw: Dart              |       |       |       |     5 |       ||     5
       Throwing net      |       |       |       |     4 |       ||     4
       Boomerang         |       |       |       |     4 |     5 ||     9
Evoke: Wand              |       |       |       |     6 |       ||     6
  Use: Scroll            |       |       |     7 |     7 |     1 ||    15
       Potion            |       |       |     1 |     7 |     2 ||    10
Armor: Scale mail        |    20 |       |       |       |       ||    20
       Chain mail        |    15 |    35 |    78 |   181 |   122 ||   431
Dodge: Dodged            |    15 |    17 |    42 |    85 |    73 ||   232
Block: Buckler           |     3 |       |       |       |       ||     3
       Kite shield       |    40 |    38 |   120 |   291 |   185 ||   674
       Reflection        |     1 |       |     3 |     5 |     2 ||    11
